 Dungeon Crawl Stone Soup version 0.25.0-33-gff14898491 (webtiles) character file.

Game seed: 490136117801151440

251 Ethylacetat the Sneak (level 6, -3/43 HPs)
             Began as an Octopode Assassin on July 7, 2020.
             Slain by an iguana (10 damage)
             ... on level 4 of the Dungeon.
             The game lasted 00:05:09 (3794 turns).

Ethylacetat the Sneak (Octopode Assassin)           Turns: 3794, Time: 00:05:10

Health: -3/43      AC:  1    Str: 12    XL:     6   Next: 13%
Magic:  6/6        EV: 13    Int: 14    God:
Gold:   156        SH:  0    Dex: 13    Spells: 5/5 levels left

rFire    . . .     SeeInvis .   a - +2 dagger
rCold    . . .     Gourm    .   (no shield)
rNeg     + . .     Faith    .   (helmet restricted)
rPois    .         Spirit   .   (no amulet)
rElec    .         Reflect  .   k - ring of positive energy
rCorr    .         Harm     .   (no ring)
MR       .....                  (no ring)
Stlth    ++++......             (no ring)
HPRegen  0.14/turn              (no ring)
MPRegen  0.10/turn              (no ring)
                                (no ring)
                                (no ring)

@: no status effects
A: almost no armour, stealthy swim, amphibious, 8 rings, constrict 8, camouflage
1, gelatinous body 1
a: no special abilities


You were on level 4 of the Dungeon.
You were not hungry.

You visited 1 branch of the dungeon, and saw 4 of its levels.

You collected 156 gold pieces.

Inventory:

Hand Weapons
 a - a +2 dagger (weapon)
 s - a +3 whip
Missiles
 b - 8 poisoned darts (quivered)
 c - 2 curare-tipped darts
 g - a throwing net
Jewellery
 k - a ring of positive energy (left tentacle)
Wands
 f - a wand of polymorph (6)
 o - a wand of digging (5)
Scrolls
 e - 3 scrolls of identify {unknown}
 h - 2 scrolls of teleportation {unknown}
 i - a scroll of enchant weapon {unknown}
 l - 2 scrolls of enchant armour {unknown}
 n - a scroll of noise {unknown}
 p - a scroll of immolation {unknown}
 q - a scroll of fog {unknown}
Potions
 j - a potion of stabbing {unknown}
 m - a potion of curing
 t - a potion of might {unknown}
Comestibles
 d - 7 rations
 r - 8 chunks of flesh


   Skills:
 + Level 3.8 Fighting
 * Level 5.2 Short Blades
 - Level 2.0 Throwing
 - Level 1.0 Dodging
 - Level 5.3 Stealth


You had 5 spell levels left.
You didn't know any spells.
Your spell library was empty.

Dungeon Overview and Level Annotations

Branches:
Dungeon (4/15)
 Temple: D:4-7

Altars:
Dithmenos
Hepliaklqana
Nemelex Xobeh
Vehumet
Yredelemnul

Annotations:
D:3 2 transporters


Innate Abilities, Weirdness & Mutations

You cannot wear most types of armour.
You are very stealthy in the water. (Stealth+)
You are amphibious.
You can wear up to eight rings at the same time.
You can use your tentacles to constrict eight enemies at once.
Your skin changes colour to match your surroundings (Stealth+).
Your rubbery body absorbs attacks. (AC +1, EV +1)


Message History

You constrict the orc. The orc barely misses you.
You hit the orc.
You kill the orc!
You closely miss the iguana. You grab the iguana.
You squeeze the iguana, but do no damage.
You constrict the iguana, but do no damage.
The iguana completely misses you.
You hit the iguana.
The iguana is lightly wounded.
You constrict the iguana.
You hear some strange, mumbled words.
You hit the iguana but do no damage.
You squeeze the iguana, but do no damage.
The iguana is moderately wounded.
You constrict the iguana, but do no damage.
The iguana completely misses you.
You hit the iguana but do no damage.
The iguana is moderately wounded.
You constrict the iguana. The iguana bites you!
You die...

#.###.... ### ... ####.#⌠#....
##... ... ##......###....
.....###.# #. .............
.........##. ...#....#....
........... ........... ..
.......... ..##.#..#....
#...........#####.............
#..# #....ol@....#.##...##...
... ###...###.###.#....###.#
#.# #.....###.##....#.## #.#
#..##......#..#....#..## #.#
#.........#.##.#.#....# #.#
####.(..##.......#...##.# #.#
##..............##..####.# #.#
##................#..# #.# ..#
#..............##....# #.# .##


You could see an iguana and an orc.

Vanquished Creatures
  An orc wizard (D:3)
  2 orc priests (D:3)
  A gnoll (D:1)
  6 adders
  2 worms (D:3)
  A dart slug (D:1)
  3 leopard geckos
  11 orcs
  4 ball pythons (D:3)
  3 giant cockroaches (D:3)
  7 hobgoblins
  4 jackals
  2 quokkas (D:2)
  5 bats
  3 frilled lizards
  14 goblins
  2 kobolds (D:2)
  A quokka skeleton (D:4)
  4 rats
76 creatures vanquished.

Notes
Turn   | Place    | Note
-------+----------+-------------------------------------------
     0 | D:1      | Ethylacetat the Octopode Assassin began the quest for the
                  | Orb.
     0 | D:1      | Reached XP level 1. HP: 14/14 MP: 1/1
   319 | D:1      | Found a sparkling altar of Nemelex Xobeh.
   337 | D:1      | Reached XP level 2. HP: 19/19 MP: 2/2
   632 | D:1      | Reached XP level 3. HP: 17/25 MP: 3/3
  1105 | D:2      | Reached XP level 4. HP: 12/30 MP: 4/4
  2399 | D:3      | Reached XP level 5. HP: 19/36 MP: 5/5
  2567 | D:3      | Found a transporter.
  2579 | D:3      | Found a basalt altar of Yredelemnul.
  2579 | D:3      | Found a transporter.
  2588 | D:3      | Found a shadowy altar of Dithmenos.
  2598 | D:3      | Found a radiant altar of Vehumet.
  2966 | D:3      | Reached skill level 5 in Short Blades
  3446 | D:3      | Reached XP level 6. HP: 43/43 MP: 6/6
  3730 | D:4      | Found a hazy altar of Hepliaklqana.
  3794 | D:4      | Slain by an iguana

Illustrated notes

Levels and vault maps discovered:
D:1:      heliophobic_arrival_enchanted_forest, layout_basic,
          nemelex_xobeh_ov_fountains_minmay
D:2:      layout_basic
D:3:      minmay_chambers_of_twos, layout_loops_ring, grunt_dithmenos_smoke,
          gammafunk_temple_overflow_arena, lemuel_crystal_altar,
          nrook_mini_vaults, minmay_shallow_snake_nest
D:4:      layout_rooms, lemuel_crystal_altar, corexii_hall_statues_l,
          feat_on_display

Skill      XL: |  1  2  3  4  5 |
---------------+----------------+-----
Short Blades   | 3 4 5 |  5.2
Fighting       | 3 |  3.8
Throwing       | |  2.0
Dodging        | |  1.0
Stealth        | |  5.3

Action                   |  1- 3 |  4- 6 || total
-------------------------+-------+-------++-------
Melee: Dagger            |    44 |   131 ||   175
       Constrict         |    12 |    30 ||    42
       Tentacles         |     9 |    23 ||    32
  Use: Potion            |     1 |       ||     1
 Stab: Sleeping          |     2 |    14 ||    16
  Eat: Chunk             |       |     9 ||     9
Armor: Skin              |     3 |     5 ||     8
Dodge: Dodged            |    26 |    68 ||    94
